 Dungeon Crawl Stone Soup version 0.29.1-15-g9cfb28693d (webtiles) character file.

Game seed: 10176244454919792191

55 Peloso the Covered (level 3, 0/33 HPs)
             Began as a Minotaur Fighter on Apr 25, 2023.
             Succumbed to a scorpion's poison
             ... on level 2 of the Dungeon.
             The game lasted 00:02:35 (1992 turns).

Peloso the Covered (Minotaur Fighter)               Turns: 1992, Time: 00:02:36

Health: 0/33       AC:  9    Str: 22    XL:     3   Next: 67%
Magic:  0/2        EV:  7    Int:  5    God:
Gold:   87         SH:  5    Dex: 15    Spells: 2/2 levels left

rFire   . . .      SeeInvis .   a - +0 long sword
rCold   . . .      Faith    .   d - +0 buckler
rNeg    . . .      Spirit   +   c - +0 chain mail
rPois   .          Reflect  .   (helmet restricted)
rElec   .          Harm     .   (no cloak)
rCorr   .          Rampage  .   (no gloves)
Will    .....                   (no boots)
Stlth   ..........              e - amulet of guardian spirit
HPRegen 0.11/turn               h - +6 ring of dexterity
MPRegen 0.08/turn               (no ring)

@: lethally poisoned (0 -> -10)
A: horns 2, retaliatory headbutt
a: no special abilities


You were on level 2 of the Dungeon.
You visited 1 branch of the dungeon, and saw 2 of its levels.

You collected 87 gold pieces.

Inventory:

Hand Weapons
 a - a +0 long sword (weapon)
Armour
 b - a +0 scale mail
 c - a +0 chain mail (worn)
 d - a +0 buckler (worn)
Jewellery
 e - an amulet of guardian spirit (around neck)
 h - a +6 ring of dexterity (left hand)
Scrolls
 g - 3 scrolls of identify {unknown}
 i - a scroll of brand weapon {unknown}
 k - a scroll of magic mapping {unknown}
 l - a scroll of fear {unknown}
Potions
 f - a potion of might
 j - a potion of curing {unknown}
 m - a potion of degeneration {unknown}


   Skills:
 + Level 4.1 Fighting
 + Level 3.4 Long Blades
 + Level 4.2 Armour
 + Level 0.3 Dodging
 + Level 4.0 Shields


You had 2 spell levels left.
You didn't know any spells.
Your spell library was empty.

Dungeon Overview and Level Annotations

Branches:
Dungeon (2/15)

Altars:
Nemelex Xobeh


Innate Abilities, Weirdness & Mutations

You have a pair of horns on your head.
You reflexively headbutt those who attack you in melee.


Message History

The goblin hits you but does no damage.
You hit the goblin.
You kill the goblin!
Things that are here:
a +0 dagger; a +0 sling; a goblin corpse A scorpion comes into view.
A scorpion is nearby!
A scorpion is nearby!
The scorpion stings you.
You hit the scorpion.
The scorpion is moderately wounded.
You block the scorpion's attack. The scorpion stings you.
You are poisoned.
The scorpion poisons you!
You completely miss the scorpion. Your headbutt misses the scorpion.
The scorpion is moderately wounded.
You feel very sick. The scorpion stings you. The scorpion barely misses you.
You barely miss the scorpion. You headbutt the scorpion.
The scorpion is moderately wounded.
You feel sick. The scorpion stings you.
You closely miss the scorpion. Your headbutt misses the scorpion.
The scorpion is moderately wounded.
You feel sick. You block the scorpion's attack. The scorpion stings you.
You are lethally poisoned!
The scorpion poisons you!
You slash the scorpion! Your headbutt misses the scorpion.
The scorpion is severely wounded.
* * * LOW HITPOINT WARNING * * *
You feel very sick. The scorpion stings you.
* * * LOW HITPOINT WARNING * * *
You closely miss the scorpion. You headbutt the scorpion.
The scorpion is almost dead.
* * * LOW HITPOINT WARNING * * *
You feel very sick. The scorpion barely misses you.
The scorpion closely misses you.
You closely miss the scorpion.
The scorpion is almost dead.
You die...

##'## ##...## .#
##.....## .
##.......# ##.##
###.........#
#...##
..'.........+
..#..#
###.........#
#...# ##.......##
#s.# ##.....## #@#
##...## #.# #'##
#.# #.# #.#
#######.# #.#
........## #.#
.#####...##### #.#
.###.........###.#
.....#...........#


You could see a scorpion.

Vanquished Creatures
  An adder (D:2)
  A worm (D:2)
  A dart slug (D:1)
  8 endoplasms
  2 giant cockroaches (D:1)
  3 goblins
  2 hobgoblins
  A jackal (D:2)
  2 quokkas
  4 ball pythons
  3 bats
  4 frilled lizards
  3 kobolds
  5 rats
40 creatures vanquished.

Notes
Turn   | Place    | Note
-------+----------+-------------------------------------------
     0 | D:1      | Peloso the Minotaur Fighter began the quest for the Orb.
     0 | D:1      | Reached XP level 1. HP: 19/19 MP: 0/0
   230 | D:1      | Reached XP level 2. HP: 17/27 MP: 1/1
  1424 | D:2      | Reached XP level 3. HP: 33/33 MP: 2/2
  1547 | D:2      | Found a sparkling altar of Nemelex Xobeh.
  1982 | D:2      | Noticed a scorpion
  1992 | D:2      | Succumbed to a scorpion's poison

Illustrated notes

Levels and vault maps discovered:
D:1:      grunt_arrival_lava_bath, layout_basic, serial_bayou_pond_b
D:2:      layout_loops_corners, basic_altar, minmay_pentomino_r4

Skill      XL: |  1  2 |
---------------+-------+-----
Fighting       | 4 |  4.1
Long Blades    | 3 |  3.4
Armour         | 4 |  4.2
Shields        | 4 |  4.0
Dodging        | |  0.3

Action                   || total
-------------------------++-------
Melee: Long sword        ||    89
       Headbutt          ||    15
  Use: Potion            ||     1
Armor: Scale mail        ||    11
       Chain mail        ||    21
Dodge: Dodged            ||    40
Block: Buckler           ||    18
